 Dungeon Sprint DCSS version 0.31-a0-1-g4198be8af4 (webtiles) character file.

Game seed: 6889411462070573551

917 rocky1 the Geomancer (level 7, -3/36 HPs)
             Began as a Deep Elf Earth Elementalist on May 2, 2023.
             Was the Champion of Cheibriados.
             Slain by a phantasmal warrior (23 damage)
             ... in the Dungeon (Sprint VII: "The Pits").
             The game lasted 00:02:44 (937 turns).

rocky1 the Geomancer (Deep Elf Earth Elementalist)   Turns: 937, Time: 00:02:44

Health: -3/36      AC:  2    Str: 20    XL:     7   Next: 83%
Magic:  6/22       EV: 14    Int: 37    God:    Cheibriados [******]
Gold:   0          SH:  0    Dex: 30    Spells: 21/25 levels left

rFire   . . .        k - +0 long sword (holy)
rCold   . . .        (no shield)
rNeg    . . .        a - +0 robe
rPois   .            (no helmet)
rElec   .            (no cloak)
rCorr   .            (no gloves)
SInv    .            (no boots)
Will    .....        (no amulet)
Stlth   +++          (no ring)
HPRegen 0.26/turn    (no ring)
MPRegen 0.18/turn

%: no teleportation
@: very slow
A: no striking features
a: Renounce Religion, Bend Time, Temporal Distortion, Slouch, Step From Time


You were in the Dungeon.
You worshipped Cheibriados.
Cheibriados was exalted by your worship.
You visited 1 branch

Inventory:

Hand Weapons
 k - a +0 long sword of holy wrath (weapon)
Armour
 a - a +0 robe (worn)
 l - a +3 ring mail
Scrolls
 g - a scroll of blinking
 i - 5 scrolls of amnesia
 j - a scroll of butterflies
Potions
 b - 4 potions of magic
 c - 5 potions of curing
 d - 6 potions of heal wounds
 e - a potion of haste
 f - 3 potions of berserk rage
 h - 2 potions of invisibility


   Skills:
 - Level 2.4 Dodging
 - Level 2.4 Stealth
 + Level 9.6 Spellcasting
 * Level 10.9 Conjurations
 - Level 1.1 Transmutations
 * Level 11.4 Earth Magic
 + Level 7.5 Invocations


You had 21 spell levels left.
You knew the following spells:

 Your Spells              Type           Power      Damage    Failure   Level
a - Sandblast             Erth           100%       2d20      1%          1
b - Stone Arrow           Conj/Erth      100%       3d13      1%          3

Your spell library contained the following spells:

 Spells                   Type           Power      Damage    Failure   Level
 Passwall                 Tmut/Erth      49%        N/A       1%          2
 Petrify                  Tmut/Erth      59%        N/A       1%          4


Dungeon Overview and Level Annotations

Branches:
Dungeon (1/1)

Altars:
Ashenzari
Cheibriados
Dithmenos
Elyvilon
Fedhas
Gozag
Hepliaklqana
Kikubaaqudgha
Makhleb
Nemelex Xobeh
Okawaru
Qazlal
Ru
Sif Muna
Trog
Uskayaw
Vehumet
Wu Jian
Xom
Yredelemnul
Zin
The Shining One
Jiyva
Lugonu


Message History

An orc, a phantasmal warrior and a swamp drake come into view.
Aiming: Stone Arrow (safe; 1% risk of failure)
Press: ? - help, Q - select action, (/) - cycle Shift-Dir - straight line, f - orc
Aim: an orc, wielding a +0 flail (asleep, 100% to hit)
Okay, then.
Aiming: Stone Arrow (safe; 1% risk of failure)
Press: ? - help, Q - select action, (/) - cycle Shift-Dir - straight line, f - swamp drake
Aim: a swamp drake (asleep, 100% to hit)
The stone arrow hits the swamp drake!!
The swamp drake is almost dead.
The swamp drake roars!
The orc shouts!
Aiming: Stone Arrow (safe; 1% risk of failure)
Press: ? - help, Q - select action, (/) - cycle Shift-Dir - straight line, f/p - swamp drake
Aim: a swamp drake (almost dead, 75% to hit)
The stone arrow hits the swamp drake!!
You kill the swamp drake!
Cheibriados thoroughly appreciates the change of pace.
The phantasmal warrior gestures at you.
The phantasmal warrior blinks!
Aiming: Stone Arrow (safe; 1% risk of failure)
Press: ? - help, Q - select action, (/) - cycle Shift-Dir - straight line, f - phantasmal warrior
Aim: a phantasmal warrior (78% to hit)
The stone arrow hits the phantasmal warrior!!
The phantasmal warrior is heavily damaged.
The phantasmal warrior hits you!
Aiming: Stone Arrow (safe; 1% risk of failure)
Press: ? - help, Q - select action, (/) - cycle Shift-Dir - straight line, f/p - phantasmal warrior
Aim: a phantasmal warrior (heavily damaged, 78% to hit)
The stone arrow hits the phantasmal warrior!
The phantasmal warrior is severely damaged.
The phantasmal warrior hits you!
Aiming: Stone Arrow (safe; 1% risk of failure)
Press: ? - help, Q - select action, (/) - cycle Shift-Dir - straight line, f/p - phantasmal warrior
Aim: a phantasmal warrior (severely damaged, 78% to hit)
The stone arrow hits the phantasmal warrior!
The phantasmal warrior is almost destroyed.
The phantasmal warrior hits you!!
Ouch! That really hurt!
You die...

#.##'#.....##...<...#
#.#........##.......#
#)#..).....##.......#
#)###########.......#
#)).....#.. #########
#)).#...#)# ###
#...#...#)# ...#
#.##.##.#'#....#
#...#...#@Wo...+
#...#...#)#.†..#
#.......÷.# ...#
########### ###


You could see a phantasmal warrior and an orc.

Vanquished Creatures
  A flying skull (D)
  A warg (D)
  An orc warrior (D)
  A sky beast (D)
  A black bear (D)
  A swamp drake (D)
  A kobold brigand (D)
  A scorpion (D)
  An orc priest (D)
  A gnoll bouda (D)
  6 gnolls (D)
  A river rat (D)
  10 orcs (D)
  2 endoplasms (D)
  A ball python (D)
  A frilled lizard (D)
31 creatures vanquished.

Notes
Turn   | Place    | Note
-------+----------+-------------------------------------------
     0 | D        | rocky1 the Deep Elf Earth Elementalist began the quest for
                  | the Orb.
     0 | D        | Reached XP level 1. HP: 10/10 MP: 6/6
    13 | D        | Reached skill level 1 in Conjurations
    40 | D        | Found a bloodstained altar of Trog.
    40 | D        | Found a shimmering blue altar of Sif Muna.
    40 | D        | Found a viscous altar of Jiyva.
    40 | D        | Found a hazy altar of Hepliaklqana.
    40 | D        | Found an opulent altar of Gozag.
    41 | D        | Found a glowing golden altar of the Shining One.
    41 | D        | Found a glowing silver altar of Zin.
    41 | D        | Found a basalt altar of Yredelemnul.
    41 | D        | Found a shimmering altar of Xom.
    41 | D        | Found an ornate altar of the Wu Jian Council.
    41 | D        | Found a sacrificial altar of Ru.
    41 | D        | Found a stormy altar of Qazlal.
    41 | D        | Found an iron altar of Okawaru.
    41 | D        | Found a sparkling altar of Nemelex Xobeh.
    41 | D        | Found a burning altar of Makhleb.
    41 | D        | Found a blossoming altar of Fedhas.
    41 | D        | Found a white marble altar of Elyvilon.
    41 | D        | Found a shadowy altar of Dithmenos.
    41 | D        | Found a snail-covered altar of Cheibriados.
    45 | D        | Found a corrupted altar of Lugonu.
    45 | D        | Found a radiant altar of Vehumet.
    46 | D        | Found a broken altar of Ashenzari.
    46 | D        | Found an ancient bone altar of Kikubaaqudgha.
    46 | D        | Found a hide-covered altar of Uskayaw.
    52 | D        | Became a worshipper of Cheibriados the Contemplative
    68 | D        | Reached skill level 4 in Earth Magic
    68 | D        | Reached skill level 1 in Invocations
    68 | D        | Reached XP level 2. HP: 15/15 MP: 4/8
   116 | D        | Reached * piety under Cheibriados
   140 | D        | Reached ** piety under Cheibriados
   141 | D        | Noticed a kobold brigand
   147 | D        | Killed a kobold brigand
   148 | D        | Reached skill level 5 in Spellcasting
   148 | D        | Reached skill level 5 in Conjurations
   148 | D        | Reached skill level 6 in Earth Magic
   148 | D        | Reached XP level 3. HP: 16/19 MP: 2/11
   148 | D        | Reached XP level 4. HP: 21/24 MP: 2/13
   437 | D        | Learned a level 3 spell: Stone Arrow
   439 | D        | Noticed a sky beast
   440 | D        | Noticed an orc warrior
   440 | D        | Noticed a scorpion
   440 | D        | Noticed a flying skull
   444 | D        | Reached *** piety under Cheibriados
   447 | D        | Reached **** piety under Cheibriados
   449 | D        | Killed a flying skull
   450 | D        | Reached skill level 8 in Earth Magic
   450 | D        | Reached skill level 5 in Invocations
   450 | D        | Reached XP level 5. HP: 28/28 MP: 1/16
   450 | D        | Reached XP level 6. HP: 32/32 MP: 1/18
   454 | D        | Killed a sky beast
   454 | D        | Reached ***** piety under Cheibriados
   455 | D        | Reached skill level 9 in Earth Magic
   456 | D        | Killed an orc warrior
   457 | D        | Reached skill level 10 in Earth Magic
   457 | D        | Reached XP level 7. HP: 21/36 MP: 6/21
   603 | D        | Reached ****** piety under Cheibriados
   604 | D        | Reached skill level 10 in Conjurations
   617 | D        | Reached skill level 11 in Earth Magic
   932 | D        | Noticed a phantasmal warrior
   937 | D        | Slain by a phantasmal warrior

Illustrated notes

Levels and vault maps discovered:
D:        pitsprint [storerooms_1, entrance_room_1, metal_vault_7, armoury_3,
          mini_pit_1, grid_room_1, main_hall_1, silver_pit, the_coven_2,
          the_vestibule_1, steel_vault_1, golden_pit, hallway_of_sentries,
          crystal_vault_2, iron_vault_2, final_vault]

Skill      XL: |  1  2  3  4  5  6  7 |
---------------+----------------------+-----
Conjurations   | 2 5 7 9 10 | 10.9
Earth Magic    | 4 6 8 10 11 | 11.4
Invocations    | 1 3 5 6 7 |  7.5
Spellcasting   | 5 7 8 9 |  9.6
Dodging        | |  2.4
Stealth        | |  2.4
Transmutations | |  1.1

Action                     |  1- 3 |  4- 6 |  7- 9 || total
---------------------------+-------+-------+-------++-------
   Cast: Sandblast         |    13 |     7 |     3 ||    23
         Stone Arrow       |       |     5 |    14 ||    19
 Invoke: Slouch            |       |     1 |       ||     1
    Use: Potion            |     1 |     1 |       ||     2
 Armour: Robe              |       |     3 |       ||     3
  Dodge: Dodged            |     2 |     1 |       ||     3

Table legend: (Time is in decaauts)
 A = Elapsed time spent in this place.
 B = Non-inter-level travel time spent in this place.
 C = Inter-level travel time spent in this place.
 D = Time resting spent in this place.
 E = Time spent auto-exploring this place.
 F = Levels seen in this place.
 G = Mean time per level.
                   A        B        C        D        E       F      G
               +--------+--------+--------+--------+--------+-----+--------+
         Total |   1006 |    975 |     31 |    723 |      0 |   1 | 1006.0 |
       Dungeon |   1006 |    975 |     31 |    723 |      0 |   1 | 1006.0 |
               +--------+--------+--------+--------+--------+-----+--------+

Top non-repeatable levels by time:
       D: 1006 daAuts
